Map: Deathaura LE

Players

Krystianer

  • Race: Protoss Protoss
  • League: Grandmaster
  • Spawn Location: 5:00

Rail - Winner!

  • Race: Protoss Protoss
  • Spawn Location: 11:00

Event: DreamHack SC2 Masters 2020 Winter

VOD

Have the link to the VOD?

Description

Time

  • Played on: Oct. 16, 2020, 12:52 p.m.
  • Length: 7:48

All games in this series

Show
View Real Time Build Order
Export as new Build Order

Krystianer Protoss 

Build Orders: Oracle Opening 

Get SALT Encoding   

  12  0:00  Probe  
  13  0:12  Probe  
  14  0:17  Pylon  
  14  0:24  Probe (Chrono Boost)  
  16  0:37  Gateway, Probe (Chrono Boost)  
  16  0:43  Probe (Chrono Boost)  
  16  0:47  Assimilator  
  17  0:51  Probe  
  18  1:01  Assimilator  
  18  1:03  Probe (Chrono Boost)  
  19  1:14  Gateway, Probe (Chrono Boost)  
  20  1:18  Probe (Chrono Boost)  
  21  1:26  Cybernetics Core  
  21  1:30  Probe  
  22  1:36  Pylon  
  22  1:42  Probe  
  23  1:54  Probe  
  24  2:02  Stalker x2  
  24  2:04  Warp Gate  
  28  2:09  Probe  
  28  2:14  Pylon  
  29  2:26  Stargate  
  29  2:49  Nexus  
  29  2:57  Stalker  
  31  3:11  Shield Battery  
  31  3:12  Stalker  
  33  3:15  Oracle (Chrono Boost)  
  35  3:21  Probe  
  36  3:28  Shield Battery  
  36  3:30  Pylon  
  37  3:42  Oracle (Chrono Boost)  
  37  3:48  Probe  
  40  3:56  Adept x2  
  40  4:01  Shield Battery  
  44  4:04  Probe  
  44  4:10  Probe (Chrono Boost)  
  44  4:16  Probe (Chrono Boost)  
  46  4:22  Probe (Chrono Boost)  
  47  4:26  Probe (Chrono Boost)  
  47  4:28  Probe (Chrono Boost)  
  47  4:30  Twilight Council  
  49  4:31  Probe (Chrono Boost)  
  49  4:32  Forge  
  49  4:37  Probe  
  51  4:43  Probe  
  52  4:49  Probe  
  51  4:55  Probe  
  50  5:01  Probe  
  50  5:02  Blink (Chrono Boost)  
  50  5:04  Assimilator, Protoss Ground Weapons Level 1 (Chrono Boost)  
  51  5:07  Probe  
  51  5:13  Probe  
  53  5:19  Probe  
  54  5:22  Gateway  
  54  5:23  Gateway  
  54  5:25  Probe  
  55  5:29  Stalker x2  
  55  5:31  Probe  
  55  5:34  Pylon  
  60  5:37  Probe  
  61  5:50  Nexus  
  61  5:51  Pylon  
  61  5:53  Probe x2  
  63  6:05  Gateway  
  63  6:06  Sentry  
  63  6:09  Gateway, Robotics Facility  
  65  6:11  Probe  
  65  6:13  Probe  
  67  6:20  Stalker x2  
  65  6:35  Shield Battery  
  65  6:36  Sentry x2  
  68  6:48  Probe  
  68  6:50  Stalker x2  
  73  6:58  Immortal  
  75  7:05  Stalker x3  
  75  7:10  Zealot  
  61  7:25  Stalker x2  
  61  7:28  Zealot x2  
  60  7:32  Zealot  
Show
View Real Time Build Order
Export as new Build Order

Rail Protoss - Winner!

Build Orders:  

Get SALT Encoding   

  12  0:01  Probe  
  13  0:13  Probe  
  14  0:17  Pylon  
  14  0:25  Probe (Chrono Boost)  
  15  0:37  Probe (Chrono Boost)  
  15  0:38  Gateway  
  16  0:44  Probe (Chrono Boost)  
  16  0:47  Assimilator  
  17  0:51  Probe  
  18  1:04  Probe (Chrono Boost)  
  19  1:05  Assimilator  
  19  1:13  Probe (Chrono Boost)  
  19  1:14  Gateway  
  20  1:18  Probe (Chrono Boost)  
  21  1:26  Cybernetics Core  
  21  1:30  Probe  
  22  1:37  Pylon  
  22  1:42  Probe  
  23  1:55  Probe  
  23  2:01  Warp Gate (Chrono Boost)  
  24  2:03  Adept x2  
  24  2:07  Probe  
  29  2:12  Pylon  
  29  2:34  Sentry x2  
  33  2:42  Nexus  
  33  2:53  Shield Battery  
  33  3:00  Probe, Sentry  
  33  3:05  Sentry  
  38  3:14  Pylon  
  38  3:15  Probe  
  39  3:23  Twilight Council  
  39  3:32  Probe  
  40  3:42  Stalker x2  
  40  3:44  Probe (Chrono Boost)  
  45  3:49  Stalker x2  
  45  3:55  Probe (Chrono Boost)  
  46  3:58  Probe (Chrono Boost)  
  46  4:01  Probe  
  48  4:07  Blink (Chrono Boost)  
  45  4:10  Probe (Chrono Boost)  
  45  4:13  Probe (Chrono Boost)  
  45  4:18  Stalker  
  45  4:22  Probe (Chrono Boost)  
  45  4:24  Probe (Chrono Boost)  
  49  4:28  Stalker, Probe (Chrono Boost)  
  49  4:29  Probe (Chrono Boost)  
  53  4:35  Probe  
  54  4:39  Probe  
  54  4:47  Probe  
  53  4:56  Probe  
  53  4:58  Stalker  
  55  5:00  Probe  
  55  5:05  Stalker  
  58  5:08  Probe  
  58  5:11  Nexus  
  58  5:12  Robotics Facility  
  58  5:14  Pylon  
  59  5:15  Probe  
  60  5:22  Gateway  
  60  5:23  Assimilator, Phoenix  
  60  5:28  Probe  
  61  5:31  Gateway  
  61  5:36  Probe  
  61  5:37  Gateway  
  62  5:43  Stalker, Gateway  
  62  5:49  Probe  
  65  5:50  Stalker  
  65  5:51  Stalker x2  
  65  5:55  Pylon  
  67  5:57  Warp Prism (Chrono Boost)  
  69  6:06  Probe  
  69  6:08  Pylon  
  70  6:13  Stalker x2  
  70  6:17  Stalker  
  76  6:27  Observer  
  76  6:28  Stalker  
  79  6:33  Stalker  
  79  6:36  Stalker  
  79  6:37  Stalker  
  85  6:45  Pylon  
  85  6:50  Stalker x2  
  85  6:51  Probe  
  85  6:52  Stalker  
  92  6:54  Probe  
  93  7:14  Stalker x3  
  91  7:18  Stalker x5  
  91  7:22  Probe  
  88  7:30  Probe  
  88  7:31  Probe  
  88  7:35  Probe  
  86  7:45  Stalker x4  
  86  7:46  Zealot x2  
Tags
 
Add a new tag
Caveats
  • Supply blocks, unpowered buildings, or Contaminate may cause inaccurate times.
  • Supply counts are checked every 10 seconds.